 Dungeon Crawl Stone Soup version 0.19.0-2-gae57169 (webtiles) character file.

17087 Querens the Grappler (level 12, -2/130 HPs)
             Began as a Troll Monk on Nov 3, 2016.
             Was a High Priest of Okawaru.
             Slain by an ogre
             ... wielding a +0 giant club
              (8 damage)
             ... while paralysed by an ogre mage
             ... on level 2 of the Orcish Mines on Nov 4, 2016.
             The game lasted 00:32:16 (9259 turns).

Querens the Grappler (Troll Monk)                   Turns: 9259, Time: 00:32:18

Health: -2/130     AC:  7    Str: 22    XL:     12   Next: 15%
Magic:  0/11       EV:  1    Int:  4    God:    Okawaru [*****.]
Gold:   824        SH:  0    Dex: 14    Spells: 0 memorised, 11 levels left

rFire  + . .     SeeInvis .       - Unarmed
rCold  + . .     Gourm    +     L - +1 robe {rC+ rF+}
rNeg   + . .     Faith    .     B - +0 large shield
rPois  .         Spirit   +     J - +0 hat {Spirit}
rElec  .         Reflect  .     u - +0 cloak {+Inv}
rCorr  .         Harm     .     (gloves unavailable)
MR     .....                    (boots unavailable)
Stlth  ++........               (no amulet)
                                (no ring)
                                G - ring of positive energy

@: paralysed
A: unfitting armour, claws 3, clumsy 1, deterioration 1, dopey 1, fast
metabolism 3, gourmand, regeneration 1, robust 1, shaggy fur 1, tough skin 2,
MP-powered wands
a: Heroism, Finesse, Renounce Religion, Evoke Invisibility


You were on level 2 of the Orcish Mines.
You worshipped Okawaru.
Okawaru was extremely pleased with you.
You were completely stuffed.

You visited 3 branches of the dungeon, and saw 14 of its levels.

You collected 824 gold pieces.

Inventory:

Missiles
 M - 5 large rocks (quivered)
Armour
 u - a +0 cloak of invisibility (worn)
 y - a +2 shield of protection
 B - a +0 large shield (worn)
 J - a +0 hat of spirit shield (worn)
 L - a +1 robe of resistance (worn)
Jewellery
 G - a ring of positive energy (left claw)
Wands
 a - a wand of lightning (9/15)
 q - a wand of lightning (3/15)
 I - a wand of polymorph (11/24)
 K - a wand of flame (25/48)
Scrolls
 e - 4 scrolls of enchant armour
 g - a scroll of random uselessness
 h - 2 scrolls of noise
 i - 7 scrolls of teleportation
 j - 2 scrolls of immolation
 o - 4 scrolls of remove curse
 r - a scroll of amnesia
 A - a scroll of vulnerability {unknown}
 C - 2 scrolls of magic mapping {unknown}
 D - a scroll of enchant weapon {unknown}
 F - a scroll of blinking {unknown}
 H - a scroll of acquirement {unknown}
Potions
 c - a potion of invisibility
 n - 2 potions of flight
 p - 4 potions of haste
 w - a potion of agility
 x - a potion of cancellation
 z - 2 potions of brilliance
 E - 2 potions of berserk rage
Comestibles
 b - 7 bread rations
 d - 5 chunks of flesh
 f - 4 beef jerkies
 k - a slice of pizza
 l - 5 fruits
 m - 2 royal jellies
 t - 3 meat rations


   Skills:
 + Level 8.1 Fighting
 + Level 3.4 Armour
 + Level 8.1 Dodging
 - Level 1.0 Stealth
 + Level 6.1 Shields
 * Level 12.8 Unarmed Combat


You had 11 spell levels left.
You didn't know any spells.

Dungeon Overview and Level Annotations

Branches:
Dungeon (11/15)            Temple (1/1) D:5             Orc (2/2) D:10
   Lair: D:8-11         Elf: Orc:2

Altars:
Ashenzari
Cheibriados
Dithmenos
Elyvilon
Fedhas
Gozag
Hepliaklqana
Kikubaaqudgha
Makhleb
Nemelex Xobeh
Okawaru
Qazlal
Ru
Sif Muna
Trog
Uskayaw
Vehumet
Xom
Yredelemnul
Zin
The Shining One

Shops:
D:8 ([   Orc:2 ([%


Innate Abilities, Weirdness & Mutations

You are too large for most types of armour.
You have claws for hands.
Your metabolism is lightning-fast.
You like to eat raw meat.
Your natural rate of healing is unusually fast.
You are covered in fur. (AC +1)
You have very tough skin. (AC +2)
You are clumsy. (Dex -2)
Your body sometimes deteriorates upon taking damage.
You are dopey. (Int -2)
You are robust. (+10% HP)
You expend magic power (3 MP) to strengthen your wands.


Message History

You claw the ogre!
You kill the ogre!
Okawaru accepts your kill.
The ogre mage points at you and mumbles some strange words.
You suddenly lose the ability to move!
The ogre hits you with a giant club! The orc hits you but does no damage.
The orc hits you but does no damage. The ogre hits you with a giant club!!
The orc hits you but does no damage. The ogre mage casts a spell at you.
You resist with significant effort. The orc hits you.
The orc hits you with a hand axe. The ogre hits you with a giant club!!
The ogre mage barely misses you.
The ogre shouts!
The ogre mage gestures at you while chanting.
The bolt of lightning hits you!
* * * LOW HITPOINT WARNING * * *
The orc hits you.
* * * LOW HITPOINT WARNING * * *
The orc hits you but does no damage. The ogre hits you with a giant club!
You die...

#........................
...........#..........#. ..
##.......###........... # #.
##.#.......#.....#...... ..##..
#...)................... ...#..
####...............∩......
......##..##..[..........#.....#.
O......)..)....))5.............##
..#......))..))@o5.#..#.........
#...........OoO5##...#.......#
##............5.#5.#...##......
##..............#O....∩.####..##
................5.5).##.## #.#
....##.......#...#..###### ..#
##.. ##...............##.## ## #.
##............OO....# .# .
#............#.....## .5.


You could see an ogre mage, a two-headed ogre, 3 ogres, 7 white imps and 2 orcs.

Vanquished Creatures
  Gastronok (D:8)
  3 ogre magi (Orc:2)
  Pikel (D:7)
  3 hill giants (D:10)
  An orc sorcerer (Orc:1)
  A gargoyle (D:10)
  5 two-headed ogres (Orc:2)
  Grinder (D:4)
  2 trolls (D:10)
  3 hippogriffs
  2 wyverns
  3 yaks
  Eustachio (D:5)
  Grum (D:8)
  2 steam dragons
  2 wargs (Orc:2)
  2 water moccasins
  4 slaves (D:7)
  2 sky beasts (D:10)
  2 ice beasts
  5 orc warriors
  4 phantoms
  3 wolves
  27 ogres
  A centaur (D:4)
  8 big kobolds
  7 bullfrogs
  A gnoll sergeant (D:10)
  A water moccasin skeleton (D:10)
  8 killer bees (D:10)
  10 wights
  A vampire bat (D:4)
  6 howler monkeys
  4 crimson imps
  A centaur zombie (D:5)
  2 bullfrog zombies
  4 orc priests
  2 bullfrog skeletons (D:4)
  6 hounds
  A centaur skeleton (D:5)
  5 iguanas
  6 orc wizards
  11 worker ants
  2 killer bee zombies
  A gnoll (D:10)
  8 adders
  A shadow imp (D:6)
  2 oozes
  A worm (D:2)
  5 dart slugs
  2 leopard geckos
  28 orcs
  15 bats
  2 giant cockroaches
  14 goblins
  6 hobgoblins
  14 jackals
  2 quokkas (D:4)
  2 ball pythons (D:4)
  7 frilled lizards
  A jackal skeleton (D:4)
  19 kobolds
  2 leopard gecko skeletons
  A quokka zombie (D:8)
  8 rats
309 creatures vanquished.

Notes
Turn   | Place    | Note
-------+----------+-------------------------------------------
     0 | D:1      | Querens the Troll Monk began the quest for the Orb.
     0 | D:1      | Reached XP level 1. HP: 22/22 MP: 0/0
   246 | D:1      | Reached XP level 2. HP: 29/29 MP: 1/1
   723 | D:1      | Found a shimmering altar of Xom.
   725 | D:1      | Found a glowing silver altar of Zin.
   725 | D:1      | Found a shadowy altar of Dithmenos.
   727 | D:1      | Found a hide-covered altar of Uskayaw.
   727 | D:1      | Found a sparkling altar of Nemelex Xobeh.
   727 | D:1      | Found a shadowy altar of Dithmenos.
  1140 | D:1      | Reached XP level 3. HP: 36/36 MP: 2/2
  1456 | D:2      | Reached skill level 4 in Unarmed Combat
  2175 | D:3      | Reached XP level 4. HP: 44/44 MP: 3/3
  2455 | D:3      | Found a stormy altar of Qazlal.
  2598 | D:4      | Noticed an ogre
  2602 | D:4      | Killed an ogre
  2602 | D:4      | Reached XP level 5. HP: 23/53 MP: 4/4
  2620 | D:4      | Reached skill level 5 in Unarmed Combat
  2682 | D:4      | Noticed Grinder
  2689 | D:4      | HP: 2/53 [Grinder (6)]
  2690 | D:4      | Killed Grinder
  2690 | D:4      | Reached XP level 6. HP: 2/62 MP: 5/5
  2793 | D:4      | Reached skill level 6 in Unarmed Combat
  2793 | D:4      | Reached XP level 7. HP: 51/68 MP: 6/6
  3423 | D:5      | Entered Level 5 of the Dungeon
  3466 | D:5      | Found a staircase to the Ecumenical Temple.
  3477 | Temple   | Entered the Ecumenical Temple
  3561 | Temple   | Became a worshipper of Warmaster Okawaru
  3561 | Temple   | Reached * piety under Okawaru
  3561 | Temple   | Reached ** piety under Okawaru
  3612 | D:5      | Reached skill level 7 in Unarmed Combat
  3781 | D:5      | Noticed Eustachio
  3838 | D:5      | Killed Eustachio
  3838 | D:5      | Reached XP level 8. HP: 71/79 MP: 7/7
  4270 | D:5      | Reached skill level 8 in Unarmed Combat
  4379 | D:6      | Reached skill level 5 in Dodging
  4387 | D:6      | Reached skill level 5 in Fighting
  4410 | D:6      | Reached *** piety under Okawaru
  4600 | D:6      | Reached skill level 1 in Shields
  4638 | D:6      | Reached XP level 9. HP: 88/88 MP: 8/8
  4917 | D:7      | Reached skill level 9 in Unarmed Combat
  5137 | D:7      | Noticed Pikel
  5172 | D:7      | Killed Pikel
  5281 | D:7      | Reached **** piety under Okawaru
  5597 | D:7      | Reached skill level 10 in Unarmed Combat
  5700 | D:8      | Noticed Grum
  5708 | D:8      | Received a gift from Okawaru
  5876 | D:8      | Noticed Gastronok
  5891 | D:8      | Killed Gastronok
  5891 | D:8      | Reached ***** piety under Okawaru
  5891 | D:8      | Received a gift from Okawaru
  5891 | D:8      | Reached XP level 10. HP: 46/100 MP: 6/9
  5940 | D:8      | Found Serihesu's Weapon Shop.
  5987 | D:8      | Reached skill level 11 in Unarmed Combat
  6155 | D:8      | Killed Grum
  6319 | D:8      | Found Zuhe's Antique Armour Shoppe.
  6601 | D:9      | Received a gift from Okawaru
  7218 | D:10     | Entered Level 10 of the Dungeon
  7223 | D:10     | Noticed a hill giant
  7232 | D:10     | Killed a hill giant
  7337 | D:10     | Noticed a hill giant
  7342 | D:10     | Killed a hill giant
  7342 | D:10     | Reached XP level 11. HP: 106/109 MP: 7/10
  7447 | D:10     | Reached skill level 1 in Armour
  7541 | D:10     | Reached skill level 5 in Shields
  7560 | D:10     | Reached skill level 12 in Unarmed Combat
  7565 | D:10     | Found a staircase to the Orcish Mines.
  7772 | D:10     | Noticed a hill giant
  7780 | D:10     | Killed a hill giant
  8377 | D:10     | Gained mutation: You are clumsy. (Dex -2) [mutagenic meat]
  8378 | D:10     | Gained mutation: Your body sometimes deteriorates upon taking damage. [mutagenic meat]
  8379 | D:10     | Gained mutation: You expend magic power (3 MP) to strengthen your wands. [mutagenic meat]
  8381 | D:10     | Gained mutation: You are robust. (+10% HP) [mutagenic meat]
  8382 | D:10     | Gained mutation: You are dopey. (Int -2) [mutagenic meat]
  8585 | Orc:1    | Entered Level 1 of the Orcish Mines
  8598 | Orc:1    | Noticed an orc sorcerer
  8621 | Orc:1    | Killed an orc sorcerer
  8760 | Orc:2    | Entered Level 2 of the Orcish Mines
  8760 | Orc:2    | Found Suats's Armour Shoppe.
  8778 | Orc:2    | Found Xeki's Food Boutique.
  8844 | Orc:2    | Received a gift from Okawaru
  8855 | Orc:2    | Noticed an ogre mage
  9001 | Orc:2    | Noticed an ogre mage
  9003 | Orc:2    | Killed an ogre mage
  9060 | Orc:2    | Noticed an ogre mage
  9122 | Orc:2    | Killed an ogre mage
  9130 | Orc:2    | Killed an ogre mage
  9130 | Orc:2    | Reached XP level 12. HP: 105/130 MP: 9/11
  9184 | Orc:2    | Found Niunnax's Antique Weapon Shop.
  9190 | Orc:2    | Noticed an orc high priest
  9232 | Orc:2    | Noticed an ogre mage
  9256 | Orc:2    | Paralysed by an ogre mage for 6 turns
  9259 | Orc:2    | HP: 6/130 [orc (3)]
  9259 | Orc:2    | Slain by an ogre

Skill      XL: |  1  2  3  4  5  6  7  8  9 10 11 12 |
---------------+-------------------------------------+-----
Unarmed Combat | 4 5 6 7 8 10 11 12 | 12.8
Fighting       | 3 4 5 6 7 8 |  8.1
Dodging        | 3 4 5 6 7 8 |  8.1
Shields        | 1 3 4 5 6 |  6.1
Armour         | 3 |  3.4
Stealth        | |  1.0

Action                   |  1- 3 |  4- 6 |  7- 9 | 10-12 || total
-------------------------+-------+-------+-------+-------++-------
Melee: Unarmed           |   135 |    63 |   340 |   468 ||  1006
       Punch             |       |       |     7 |       ||     7
Invok: Heroism           |       |       |     1 |    13 ||    14
  Use: Potion            |       |     3 |       |     2 ||     5
       Scroll            |       |       |       |    14 ||    14
 Stab: Sleeping          |     6 |       |     7 |     4 ||    17
       Distracted        |       |     1 |       |     1 ||     2
  Eat: Chunk             |    24 |     6 |    28 |    39 ||    97
Armor: Robe              |    41 |     5 |    85 |    58 ||   189
       Skin              |       |       |     1 |       ||     1
Dodge: Dodged            |    73 |    23 |   145 |   166 ||   407
Block: Large shield      |       |       |    76 |   323 ||   399
